 Dungeon Crawl Stone Soup version 0.31.0-32-g396128a36d (webtiles) character file.

Game seed: 17724046950156038818

40026 Eolas the Geomancer (level 14, -51/94 HPs)
             Began as a Gargoyle Earth Elementalist on Apr 13, 2024.
             Was an Elder of Vehumet.
             Killed from afar by Nikola (65 damage)
             ... with an arc of chain lightning
             ... on level 2 of the Lair of Beasts.
             The game lasted 01:25:47 (17171 turns).

Eolas the Geomancer (Gargoyle Earth Elementalist)  Turns: 17171, Time: 01:25:48

Health: -51/94     AC: 27    Str: 14    XL:     14   Next: 9%
Magic:  18/39      EV: 11    Int: 28    God:    Vehumet [****..]
Gold:   533        SH:  0    Dex: 10    Spells: 16/35 levels left

rFire   + . .        v - +7 quarterstaff of Ikuoveom {holy, ^Drain rC+ Int+4}
rCold   + + .        (shield currently unavailable)
rNeg    + . .        J - +1 robe {rC+ rF+}
rPois   ∞            z - +3 hat of Pondering {ponderous, Will+ MP+10 Int+5}
rElec   +            H - +2 cloak
rCorr   .            t - +0 pair of gloves
SInv    .            e - +2 pair of boots
Will    ++...        r - amulet of regeneration
Stlth   ++           g - ring of wizardry
HPRegen 1.15/turn    C - +4 ring of protection
MPRegen 0.26/turn

%: wizardry (x1)
@: flying, hasted, very quick
A: sickness immunity, AC +10, big wings, negative energy resistance 1,
electricity resistance, torment resistance 1, petrification resistance
a: Renounce Religion


You were on level 2 of the Lair of Beasts.
You worshipped Vehumet.
Vehumet was greatly pleased with you.
You visited 4 branches of the dungeon, and saw 17 of its levels.

You collected 1028 gold pieces.
You spent 495 gold pieces at shops.

Inventory:

Hand Weapons
 v - the +7 quarterstaff of Ikuoveom (weapon) {holy, ^Drain rC+ Int+4}
   (You found it on level 7 of the Dungeon)

   Int+4:     It affects your intelligence (+4).
   rC+:       It protects you from cold.
   ^Drain:    It drains your maximum health when unequipped.
Armour
 e - a +2 pair of boots (worn)
 f - a +0 helmet
 t - a +0 pair of gloves (worn)
 z - the +3 hat of Pondering (worn) {ponderous, Will+ MP+10 Int+5}
   (You bought it in a shop on level 8 of the Dungeon)

   Int+5:     It affects your intelligence (+5).
   Will+:     It increases your willpower.
   MP+10:     It affects your magic capacity (+10).
 H - a +2 cloak (worn)
 J - a +1 robe of resistance (worn)
Magical Staves
 n - a staff of alchemy
Jewellery
 g - a ring of wizardry (left hand)
 r - an amulet of regeneration (around neck)
 C - a +4 ring of protection (right hand)
Wands
 b - a wand of flame (26)
 k - a wand of charming (6)
 l - a wand of polymorph (19)
 p - a wand of acid (4)
 y - a wand of roots (17)
 G - a wand of mindburst (5)
Scrolls
 h - 4 scrolls of vulnerability
 i - 2 scrolls of enchant weapon
 j - a scroll of amnesia
 m - a scroll of revelation
 s - 3 scrolls of teleportation
 x - a scroll of poison
 A - 2 scrolls of immolation
 B - 5 scrolls of identify
 F - a scroll of fear
 I - 3 scrolls of blinking
Potions
 a - 2 potions of mutation
 c - 2 potions of haste
 d - a potion of enlightenment
 o - 2 potions of ambrosia
 q - 2 potions of lignification
 u - 7 potions of curing
 w - a potion of resistance
 D - a potion of degeneration
 E - 3 potions of might


   Skills:
 + Level 13.1 Fighting
 - Level 1.5 Dodging
 - Level 2.1 Stealth
 + Level 11.4 Spellcasting
 + Level 13.2 Conjurations
 + Level 14.8 Earth Magic


You had 16 spell levels left.
You knew the following spells:

 Your Spells              Type           Power      Damage    Failure   Level
a - Sandblast             Erth           100%       2d20      0%          1
b - Stone Arrow           Conj/Erth      100%       3d13      0%          3
c - Brom's Barrelling Bo  Conj/Erth      76%        2d9       1%          4
d - Lehudib's Crystal Sp  Conj/Erth      38%        10d9      8%          8
e - Passwall              Erth           78%        N/A       0%          3

Your spell library contained the following spells:

 Spells                   Type           Power      Damage    Failure   Level
 Magic Dart               Conj           100%       1d8       0%          1
 Searing Ray              Conj           100%       2d8       0%          2
 Kiss of Death            Conj/Necr      100%       2d13      1%          1
 Summon Small Mammal      Summ           60%        N/A       1%          1
 Mercury Vapours          Alch/Air       30%        N/A       1%          2
 Mephitic Cloud           Conj/Alch/Air  40%        N/A       1%          3
 Fulminant Prism          Conj/Alch      26%        3d14      1%          4
 Petrify                  Alch/Erth      55%        N/A       1%          4
 Arcjolt                  Conj/Air       26%        1d36      1%          5
 Freezing Cloud           Conj/Ice/Air   20%        6-21      1%          5
 Orb of Destruction       Conj           37%        9d11      1%          7
 Call Imp                 Summ           30%        N/A       2%          2
 Ensorcelled Hibernation  Hex/Ice        30%        N/A       2%          2
 Call Canine Familiar     Summ           15%        N/A       4%          3
 Confusing Touch          Hex            15%        N/A       4%          3
 Swiftness                Air            15%        N/A       4%          3
 Ignite Poison            Fire/Alch      15%        N/A       4%          4
 Dispel Undead            Necr           15%        3d10      14%         4
 Passage of Golubria      Tloc           15%        N/A       14%         4
 Summon Blazeheart Golem  Fire/Summ      15%        N/A       14%         4
 Vhi's Electric Charge    Tloc/Air       30%        N/A       14%         4
 Spellforged Servitor     Conj/Summ      26%        N/A       19%         7
 Silence                  Hex/Air        7%         N/A       34%         5
 Plasma Beam              Fire/Air       7%         2x1d18    41%         6
 Haunt                    Necr/Summ      7%         N/A       100%        7
 Summon Hydra             Summ           7%         N/A       100%        7
 Borgnjor's Revivificati  Necr           7%         N/A       100%        8
 Death's Door             Necr           7%         N/A       100%        9
 Cigotuvi's Dreadful Rot  Necr/Alch/Air  Unusable   N/A       N/A         2
 Sublimation of Blood     Necr           Unusable   N/A       N/A         2

Dungeon Overview and Level Annotations

Branches:
Dungeon (12/15)            Temple (1/1) D:4            Lair (3/5) D:9
  Swamp (0/4) Lair:2        Snake (1/4) Lair:2          Orc (0/2) D:12

Altars:
Ashenzari
Cheibriados
Dithmenos
Elyvilon
Fedhas
Gozag
Hepliaklqana
Kikubaaqudgha
Makhleb
Nemelex Xobeh
Okawaru
Qazlal
Ru
Sif Muna
Trog
Uskayaw
Vehumet
Wu Jian
Xom
Yredelemnul
Zin
The Shining One

Shops:
D:8 [

Annotations:
D:3 3 runed translucent doors, JAYMINE's ghost, weakling GnWr
Lair:2 Nikola


Innate Abilities, Weirdness & Mutations

You are immune to sickness and miasma.
Your stone body is resilient. (AC +10)
You are immune to poison.
Your large and strong wings let you fly.
You resist negative energy. (rN+)
You are resistant to electric shocks. (rElec)
You are resistant to unholy torment.
You are immune to petrification.


Message History

Nikola hits you with a +1 rapier of electrocution.
The anaconda barely misses you. The anaconda constricts you.
The black mamba bites you.
The black mamba bites you but does no damage.
You are too injured to fight recklessly!
You are too injured to fight recklessly!
Casting: Stone Arrow (safe; 0% risk of failure)
Confirm with . or Enter, or press ? or * to list all spells.
Aiming: Lehudib's Crystal Spear (quite dangerous; 8% risk of failure)
Press: ? - help, Shift-Dir - straight line, f - Nikola, p - anaconda
Aim: Nikola, wielding a +1 rapier of electrocution, wearing a +0 cloak of preservation and wearing a +1 pair of gloves (83% to hit)
The crystal spear hits Nikola!!!
Nikola is lightly wounded.
The anaconda bites you. The anaconda constricts you.
The black mamba bites you but does no damage. x2
Nikola hits you with a +1 rapier of electrocution.
* * * LOW HITPOINT WARNING * * *
The anaconda bites you but does no damage.
The anaconda constricts you.
* * * LOW HITPOINT WARNING * * *
A shock serpent comes into view.
The black mamba bites you but does no damage.
You escape the anaconda's grasp.
The black mamba barely misses you. The black mamba closely misses you.
Nikola hits you with a +1 rapier of electrocution!
* * * LOW HITPOINT WARNING * * *
The anaconda misses you. The anaconda closely misses you.
The black mamba misses you.
You fly upwards.
Welcome back to the Lair of Beasts!
There is a staircase to the Snake Pit here.
You feel yourself speed up.
The black mamba bites you but does no damage.
The anaconda barely misses you.
The anaconda bites you but does no damage.
The black mamba bites you but does no damage.
Nikola mumbles some strange words.
Lightning arcs from Nikola's hands!
The bolt of lightning hits you!!! You resist.
Ouch! That really hurt!
You die...

.........##.###.....###..###.....
........###..##.....###^.#####.#.
........###..........###.#.######
.........##..........PP⌠....#
........P##...#...#.....8[.##
#.......###.#.#...####.⌠...P#
.........##.###...##.###.#.P#
........##...##..S#..#####.##
........###...#@@S#....#≈#.#
#........##...#.S.#....#≈#.# #
#.(.....##..#.#...#.#.##≈### ###
#........##.###...##.##.~.#####..
........###.###...#.....~...##P..
#.^..................##.~..###P..
#.........#.........####≈#.......
P.............#.....# #≈#.......
#..................## ###.......


You could see Nikola, an anaconda and 2 black mambas.

Vanquished Creatures
  The ghost of acarine the Fighter, a novice OnHW of Nemelex Xobeh (D:7)
  A hydra (Lair:3)
  The ghost of maldita the Geomancer, a journeyman GrEE of Kikubaaqudgha (Lair:2)
  A death knight (D:12)
  3 two-headed ogres
  2 tengu warriors (D:12)
  2 death yaks (Lair:3)
  A naga warrior (Snake:1)
  A naga sharpshooter (Snake:1)
  Sonja (D:10)
  A skeletal warrior (D:12)
  2 bog bodies (Lair:2)
  A lindwurm (Lair:3)
  A deep elf pyromancer (D:12)
  2 ugly things (D:12)
  A salamander (Snake:1)
  A manticore (D:11)
  A cyclops (D:12)
  A meliai (Lair:2)
  3 black mambas
  A torpor snail (Lair:3)
  2 guardian serpents
  6 cane toads (Lair:2)
  A rime drake (Lair:2)
  6 komodo dragons
  2 unseen horrors
  2 freezing wraiths (D:12)
  4 kobold demonologists (D:12)
  A queen bee (Lair:2)
  3 trolls
  A hornet (Lair:2)
  58 yaks
  2 shadows
  2 vampires
  4 wyverns
  2 wraiths
  3 basilisks
  Menkaure (D:5)
  Edmund (D:4)
  3 steam dragons
  Duvessa (D:5)
  2 acid dragons
  4 water moccasins
  An orc warrior (D:10)
  2 ice beasts (D:7)
  2 sky beasts
  2 black bears (D:6)
  19 wolves
  4 ogres
  14 centaurs
  A phantom (D:5)
  4 kobold brigands
  9 bullfrogs
  Blork the orc (D:6)
  5 scorpions
  A wyvern zombie (D:7)
  17 wights
  Dowan (D:5)
  8 killer bees
  4 electric eels
  A howler monkey (D:5)
  A gnoll bouda (D:4)
  8 hounds
  3 bombardier beetles
  A jelly (D:6)
  3 orc priests
  4 iguanas
  2 sleepcaps
  4 orc wizards
  A killer bee zombie (D:7)
  A gnoll (D:4)
  6 adders
  A white imp (D:6)
  A dart slug (D:4)
  4 ribbon worms
  28 orcs
  6 bats
  7 endoplasms
  2 giant cockroaches
  4 goblins
  3 hobgoblins
  5 jackals
  23 kobolds
  7 quokkas
  8 ball pythons
  5 frilled lizards
  5 rats
379 creatures vanquished.

Vanquished Creatures (collateral kills)
  6 boulders
6 creatures vanquished.

Vanquished Creatures (others)
  6 boulders
6 creatures vanquished.

Grand Total: 391 creatures vanquished

Notes
Turn   | Place    | Note
-------+----------+-------------------------------------------
     0 | D:1      | Eolas the Gargoyle Earth Elementalist began the quest for
                  | the Orb.
     0 | D:1      | Reached XP level 1. HP: 10/10 MP: 3/3
   137 | D:1      | Reached XP level 2. HP: 16/16 MP: 3/5
   371 | D:1      | Reached skill level 1 in Fighting
   400 | D:1      | Reached skill level 4 in Earth Magic
   488 | D:1      | Reached XP level 3. HP: 20/20 MP: 4/6
   565 | D:1      | Learned a level 3 spell: Stone Arrow
  1125 | D:2      | Reached XP level 4. HP: 25/25 MP: 5/7
  1480 | D:3      | Found a sparkling altar of Nemelex Xobeh.
  1498 | D:3      | Noticed JAYMINE's ghost (weakling GnWr)
  1504 | D:3      | Found a runed translucent gate.
  1504 | D:3      | Found a runed translucent gate.
  1506 | D:3      | Found a runed translucent gate.
  1516 | D:3      | Learned a level 4 spell: Brom's Barrelling Boulder
  1678 | D:3      | Found an iron altar of Okawaru.
  1776 | D:3      | Reached XP level 5. HP: 30/30 MP: 6/9
  2360 | D:4      | Found a staircase to the Ecumenical Temple.
  2373 | Temple   | Entered the Ecumenical Temple
  2384 | Temple   | Became a worshipper of Vehumet
  2529 | D:4      | Found a glowing golden altar of the Shining One.
  2707 | D:4      | Noticed Edmund
  2723 | D:4      | Killed Edmund
  2724 | D:4      | Reached skill level 5 in Earth Magic
  2724 | D:4      | Reached XP level 6. HP: 22/37 MP: 10/10
  3066 | D:4      | Found a stormy altar of Qazlal.
  3956 | D:5      | Entered Level 5 of the Dungeon
  4015 | D:5      | Noticed Menkaure
  4019 | D:5      | Killed Menkaure
  4020 | D:5      | Reached XP level 7. HP: 42/42 MP: 2/12
  4117 | D:5      | Learned a level 3 spell: Passwall
  4153 | D:5      | Reached skill level 6 in Earth Magic
  4406 | D:5      | Reached XP level 8. HP: 46/48 MP: 7/14
  4465 | D:5      | Reached * piety under Vehumet
  4465 | D:5      | Offered knowledge of Shock by Vehumet.
  4678 | D:5      | Noticed Dowan
  4692 | D:5      | Killed Dowan
  4693 | D:5      | Reached skill level 5 in Conjurations
  4716 | D:5      | Noticed Duvessa
  4735 | D:5      | Killed Duvessa
  4980 | D:5      | Reached skill level 5 in Fighting
  5019 | D:5      | Found a bloodstained altar of Trog.
  5056 | D:5      | Found a shadowy altar of Dithmenos.
  5371 | D:6      | Reached skill level 7 in Earth Magic
  5423 | D:6      | Reached skill level 5 in Spellcasting
  5466 | D:6      | Found an opulent altar of Gozag.
  5543 | D:6      | Found a snail-covered altar of Cheibriados.
  5573 | D:6      | Noticed Blork the orc
  5577 | D:6      | Killed Blork the orc
  5732 | D:6      | Reached XP level 9. HP: 55/55 MP: 7/17
  6140 | D:6      | Found a hide-covered altar of Uskayaw.
  6143 | D:6      | Reached skill level 8 in Earth Magic
  6694 | D:7      | Reached ** piety under Vehumet
  6694 | D:7      | Offered knowledge of Scorch by Vehumet.
  6868 | D:7      | Found a runed translucent gate.
  6868 | D:7      | Found a runed translucent gate.
  6868 | D:7      | Found a runed translucent gate.
  6868 | D:7      | Noticed acarine's ghost (novice OnHW)
  6882 | D:7      | Found a basalt altar of Yredelemnul.
  6988 | D:7      | Reached skill level 9 in Earth Magic
  7000 | D:7      | Found an ancient bone altar of Kikubaaqudgha.
  7014 | D:7      | Found a hazy altar of Hepliaklqana.
  7068 | D:7      | Reached XP level 10. HP: 63/63 MP: 16/19
  7097 | D:7      | Identified the +7 quarterstaff of Ikuoveom {holy, ^Drain
                  | rC+ Int+4}
  7568 | D:7      | Killed acarine's ghost
  8054 | D:8      | Offered knowledge of Volatile Blastmotes by Vehumet.
  8176 | D:8      | Found a snail-covered altar of Cheibriados.
  8178 | D:8      | Found Cheibriados's Comfort Zone.
  8319 | D:8      | Found a shimmering altar of Xom.
  8319 | D:8      | Found a shimmering altar of Xom.
  8320 | D:8      | Found a shimmering altar of Xom.
  8321 | D:8      | Found a shimmering altar of Xom.
  8321 | D:8      | Found a shimmering altar of Xom.
  8321 | D:8      | Found a shimmering altar of Xom.
  8321 | D:8      | Found a shimmering altar of Xom.
  8324 | D:8      | Found a shimmering altar of Xom.
  8324 | D:8      | Found a shimmering altar of Xom.
  8523 | D:8      | Reached skill level 10 in Earth Magic
  8957 | D:8      | Bought the +3 hat of Pondering {ponderous, Will+ MP+10
                  | Int+5} for 495 gold pieces
  8957 | D:8      | Found the +3 hat of Pondering {ponderous, Will+ MP+10
                  | Int+5}
  9107 | D:9      | Reached *** piety under Vehumet
  9131 | D:9      | Reached XP level 11. HP: 60/69 MP: 19/22
  9360 | D:9      | Offered knowledge of Iskenderun's Mystic Blast by Vehumet.
  9362 | D:9      | Reached skill level 11 in Earth Magic
  9368 | D:9      | Found a staircase to the Lair.
  9586 | D:9      | Noticed a two-headed ogre
  9593 | D:9      | Killed a two-headed ogre
  9787 | D:10     | Entered Level 10 of the Dungeon
  9827 | D:10     | Noticed Sonja
  9832 | D:10     | Killed Sonja
  9848 | D:10     | Reached skill level 10 in Conjurations
  9950 | D:10     | Reached skill level 10 in Fighting
 10031 | D:10     | Found a glowing silver altar of Zin.
 10182 | D:10     | Found an ornate altar of the Wu Jian Council.
 10205 | D:10     | Reached **** piety under Vehumet
 10499 | D:10     | Reached XP level 12. HP: 47/78 MP: 25/25
 10503 | D:10     | Reached skill level 12 in Earth Magic
 10791 | D:11     | Offered knowledge of Airstrike by Vehumet.
 11266 | D:11     | Noticed a two-headed ogre
 11293 | D:11     | Killed a two-headed ogre
 11413 | D:11     | Found a radiant altar of Vehumet.
 11735 | D:12     | Noticed a two-headed ogre
 11741 | D:12     | Killed a two-headed ogre
 11833 | D:12     | Noticed a soul eater
 12198 | D:12     | Noticed a tengu warrior
 12201 | D:12     | Noticed a tengu warrior
 12206 | D:12     | Killed a tengu warrior
 12210 | D:12     | Killed a tengu warrior
 12211 | D:12     | Reached skill level 13 in Earth Magic
 12319 | D:12     | Learned a level 8 spell: Lehudib's Crystal Spear
 12442 | D:12     | Reached skill level 10 in Spellcasting
 12611 | D:12     | Found a staircase to the Orcish Mines.
 12874 | D:12     | Reached ***** piety under Vehumet
 12955 | D:12     | Noticed a death knight
 12979 | D:12     | Reached XP level 13. HP: 81/85 MP: 10/27
 13233 | D:12     | Identified the +6 battleaxe of Doom {vamp, Fly}
 13365 | Lair:1   | Entered Level 1 of the Lair of Beasts
 13608 | Lair:1   | Offered knowledge of Fulminant Prism by Vehumet.
 14766 | Lair:2   | Found a transporter.
 14768 | Lair:2   | Found a transporter.
 14769 | Lair:2   | Noticed maldita's ghost (journeyman GrEE)
 14811 | Lair:2   | Reached skill level 14 in Earth Magic
 14887 | Lair:2   | Found a staircase to the Swamp.
 14997 | Lair:2   | Found a staircase to the Snake Pit.
 15642 | Lair:2   | Killed maldita's ghost
 16954 | Snake:1  | Entered Level 1 of the Snake Pit
 16959 | Snake:1  | Gained mutation: Your large and strong wings let you fly.
                  | [Gargoyle growth]
 16959 | Snake:1  | Reached XP level 14. HP: 94/94 MP: 29/29
 17004 | Snake:1  | Noticed Nikola
 17171 | Lair:2   | Killed from afar by Nikola

Illustrated notes

Levels and vault maps discovered:
D:1:      roderic_crossed_star, layout_rooms
D:2:      layout_rooms
D:3:      minmay_general_purpose_star, layout_loops_ring,
          nicolae_overflow_hidden_temple, overflow_temple_1_default,
          ebering_ghost_rock_garden
D:4:      layout_basic, nicolae_qazlal_eye_of_the_storm, tso_oasis_becter,
          minmay_temple_entry_wispy, minmay_increasing_density, uniq_edmund
D:5:      layout_gridville, mainiacjoe_overflow_brackets, kennysheep_mini_moat,
          uniq_menkaure, uniq_duvessa
D:6:      layout_basic, nicolae_uskayaw_dance_studio,
          mainiacjoe_overflow_boulevard, grunt_gozag_statues, uniq_blork_the_orc
D:7:      layout_basic, nicolae_yredelemnul_ghost_church,
          overflow_temple_1_default, general_overflow_altar, st_stairs_2
D:8:      layout_basic, xom_redecorated, nrook_mini_vaults, fountainhead,
          minmay_shop_chei
D:9:      layout_roguey, erik_lair_island
D:10:     layout_cave_pools, overflow_temple_1_default,
          mainiacjoe_overflow_catwalk, uniq_sonja
D:11:     layout_loops_ring, vehumet_crystals
D:12:     layout_long_grid, orc_0_dummy, st_stairs_8, serial_bayou_crossing
Temple:   hellmonk_temple_of_storms
Lair:1:   beast_lair_carwin_large_3, layout_regular_city, serial_rivers,
          chequers_serial_rivers_room_b, chequers_serial_rivers_micro_c,
          chequers_serial_rivers_small_a, chequers_serial_rivers_marsh,
          chequers_serial_rivers_small_a, chequers_serial_rivers_micro_e
Lair:2:   layout_gridlike, skrybe_swamp_entry_bodies,
          minmay_snake_entry_spellcaster, gammafunk_ghost_hive,
          minmay_hedge_maze, chequers_serial_rivers_micro_a,
          dreamdust_deal_with_the_devil
Lair:3:   layout_cave_pods
Snake:1:  layout_layer_cave, basic_altar, uniq_nikola, uniq_aizul

Skill      XL: |  1  2  3  4  5  6  7  8  9 10 11 12 13 |
---------------+----------------------------------------+-----
Fighting       | 1 2 3 4 5 7 8 10 11 13 | 13.1
Earth Magic    | 4 5 6 7 9 10 11 13 14 | 14.8
Conjurations   | 2 3 4 6 7 9 10 11 13 | 13.2
Spellcasting   | 3 4 5 6 7 9 10 11 | 11.4
Dodging        | |  1.5
Stealth        | |  2.1

Action                     |  1- 3 |  4- 6 |  7- 9 | 10-12 | 13-15 || total
---------------------------+-------+-------+-------+-------+-------++-------
  Melee: Unarmed           |     2 |     9 |       |       |       ||    11
         Dagger            |     1 |       |       |       |       ||     1
         Flail             |       |    11 |       |       |       ||    11
         Staff             |       |       |       |    11 |       ||    11
         Quarterstaff      |       |       |       |     1 |    32 ||    33
   Cast: Sandblast         |    53 |    90 |   106 |   260 |   100 ||   609
         Stone Arrow       |       |     5 |    39 |   129 |   127 ||   300
         Brom's Barrelling |       |       |     6 |     8 |       ||    14
         Lehudib's Crystal |       |       |       |     2 |     6 ||     8
         Passwall          |       |       |       |       |     1 ||     1
  Evoke: Wand              |       |       |     7 |     2 |       ||     9
    Use: Scroll            |       |     9 |     5 |     7 |     3 ||    24
         Potion            |       |     1 |     1 |       |     6 ||     8
 Armour: Robe              |     7 |    40 |    72 |   275 |   235 ||   629
         Skin              |       |     1 |       |       |       ||     1
  Dodge: Dodged            |     9 |    36 |    53 |   147 |   131 ||   376
